 Dungeon Crawl Stone Soup version 0.29.1-13-g9f3cf754e1 (webtiles) character file.

Game seed: 16073685908430746191

249 Thatpatchoflichen the Trooper (level 6, -15/63 HPs)
             Began as an Ogre Gladiator on Feb 7, 2023.
             Demolished by an ogre
             ... wielding a +0 giant spiked club
              (28 damage)
             ... on level 4 of the Dungeon.
             The game lasted 00:06:54 (5339 turns).

Thatpatchoflichen the Trooper (Ogre Gladiator)      Turns: 5339, Time: 00:06:55

Health: -15/63     AC: 10    Str: 21    XL:     6   Next: 12%
Magic:  6/6        EV: 10    Int:  9    God:
Gold:   215        SH:  0    Dex: 10    Spells: 5/5 levels left

rFire   . . .      SeeInvis .   s - +0 mace (protect)
rCold   . . .      Faith    .   (no shield)
rNeg    . . .      Spirit   .   b - +0 robe
rPois   .          Reflect  .   c - +0 hat
rElec   .          Harm     .   (no cloak)
rCorr   .          Rampage  .   (gloves unavailable)
Will    .....                   (boots unavailable)
Stlth   +.........              (no amulet)
HPRegen 0.20/turn               (no ring)
MPRegen 0.10/turn               (no ring)

@: under a protective aura
A: large, unfitting armour, tough skin 1
a: no special abilities


You were on level 4 of the Dungeon.
You visited 2 branches of the dungeon, and saw 6 of its levels.

You collected 215 gold pieces.

Inventory:

Hand Weapons
 a - a +0 flail
 s - a +0 mace of protection (weapon)
 x - a +0 morningstar
Missiles
 d - 3 throwing nets (quivered)
 e - a large rock
 j - 2 poisoned darts
 q - a boomerang
Armour
 b - a +0 robe (worn)
 c - a +0 hat (worn)
Jewellery
 g - a ring of see invisible
 w - a ring of ice
Wands
 B - a wand of polymorph (7)
Scrolls
 h - a scroll of brand weapon {unknown}
 m - 5 scrolls of identify {unknown}
 n - a scroll of blinking {unknown}
 o - 2 scrolls of vulnerability {unknown}
 v - a scroll of poison {unknown}
 y - a scroll of butterflies {unknown}
 z - a scroll of teleportation {unknown}
Potions
 f - 7 potions of curing {unknown}
 i - 2 potions of heal wounds {unknown}
 k - 2 potions of magic {unknown}
 l - a potion of haste {unknown}
 p - a potion of mutation {unknown}
 r - a potion of brilliance {unknown}
 t - a potion of flight {unknown}
 u - a potion of invisibility {unknown}
 A - a potion of might {unknown}


   Skills:
 + Level 4.5 Fighting
 + Level 4.2 Maces & Flails
 - Level 2.0 Throwing
 + Level 4.3 Dodging


You had 5 spell levels left.
You didn't know any spells.
Your spell library contained the following spells:

 Spells                   Type           Power      Damage    Failure   Level
 Blink                    Tloc           0%         N/A       52%         2
 Dazzling Flash           Conj/Hex       0%         N/A       77%         3
 Gell's Gravitas          Tloc           0%         N/A       77%         3
 Lesser Beckoning         Tloc           0%         N/A       77%         3
 Teleport Other           Tloc           0%         N/A       77%         3
 Iskenderun's Mystic Bla  Conj/Tloc      0%         2d3       99%         4
 Petrify                  Tmut/Erth      0%         N/A       99%         4
 Manifold Assault         Tloc           0%         N/A       100%        5
 Metabolic Englaciation   Hex/Ice        0%         N/A       100%        5
 Starburst                Conj/Fire      0%         6d3       100%        6
 Statue Form              Tmut/Erth      0%         N/A       100%        6


Dungeon Overview and Level Annotations

Branches:
Dungeon (5/15)             Temple (1/1) D:4

Altars:
Cheibriados
Dithmenos
Elyvilon
Fedhas
Gozag
Hepliaklqana
Kikubaaqudgha
Makhleb
Qazlal
Ru
Sif Muna
Trog
Uskayaw
Vehumet
Wu Jian
Xom
Yredelemnul
Zin


Innate Abilities, Weirdness & Mutations

You are too large for most types of armour.
You have tough skin. (AC +1)


Message History

You hit the orc.
Your weapon exudes an aura of protection.
The orc is almost dead.
The orc hits you with a +0 war axe. The orc hits you but does no damage.
You are electrocuted!
The orc hits you with a +0 war axe. The orc hits you but does no damage.
You hit the orc.
You kill the orc!
The orc barely misses you.
You barely miss the orc. The orc hits you but does no damage.
You sock the orc!
The orc is almost dead.
The orc hits you but does no damage.
You closely miss the orc.
The orc is almost dead.
The orc misses you.
You hit the orc.
You kill the orc!
Things that are here:
a +1 dagger of electrocution; an orc corpse You start resting.
HP restored.
You see here a +0 war axe.
There is a stone staircase leading down here.
You climb downwards.
The iguana bites you! The ogre barely misses you.
The orc hits you with a +0 whip. The orc hits you with a +0 hand axe.
The orc hits you but does no damage. The orc barely misses you.
The iguana bites you!
There is a stone staircase leading up, spattered with blood here.
The ogre hits you with a +0 giant spiked club!
The iguana closely misses you. The orc hits you with a +0 whip.
The orc hits you with a +0 hand axe.
* * * LOW HITPOINT WARNING * * *
You climb upwards.
There is a stone staircase leading down here.
You hit the orc.
Your weapon exudes an aura of protection.
The orc is heavily wounded.
The ogre hits you with a +0 giant spiked club!!
You die...

#############.#
#.#........#
###.###
#.#>##.#.###
#.....# #......#.#
#.#.#.#
###.####.###
#.#.#.#
#.....##....
#.#...#
#.....#.....
#.##..#
#.....#.####
#.##)O#
#.....#.####
#..o@l#
#.....#.##..
#####o#
#######.##.# #.#
#..... #.# ####.#
#<# ##########.#
##.####.......##.#
#.......#####.##.#
#...###.#####.##.#
#.............†..#


You could see an ogre, an iguana and 2 orcs.

Vanquished Creatures
  A howler monkey (D:4)
  A hound (D:4)
  2 orc wizards
  5 adders
  3 worms (D:3)
  2 dart slugs
  9 orcs
  4 endoplasms
  5 giant cockroaches
  2 goblins (D:1)
  9 hobgoblins
  2 jackals (D:2)
  3 quokkas
  7 ball pythons
  6 bats
  5 frilled lizards
  5 kobolds
  3 rats
74 creatures vanquished.

Notes
Turn   | Place    | Note
-------+----------+-------------------------------------------
     0 | D:1      | Thatpatchoflichen the Ogre Gladiator began the quest for
                  | the Orb.
     0 | D:1      | Reached XP level 1. HP: 22/22 MP: 1/1
   348 | D:1      | Reached XP level 2. HP: 31/31 MP: 2/2
   899 | D:2      | Reached XP level 3. HP: 37/37 MP: 3/3
  1038 | D:2      | Found a faded altar of an unknown god.
  2128 | D:2      | Reached XP level 4. HP: 30/48 MP: 4/4
  2543 | D:3      | Reached XP level 5. HP: 25/54 MP: 5/5
  3628 | D:3      | Identified the +0 chain mail of the Louse {rF+}
  4466 | D:4      | Found a staircase to the Ecumenical Temple.
  4485 | Temple   | Entered the Ecumenical Temple
  5153 | D:5      | Entered Level 5 of the Dungeon
  5160 | D:4      | Reached XP level 6. HP: 53/63 MP: 6/6
  5339 | D:4      | Demolished by an ogre

Illustrated notes

Levels and vault maps discovered:
D:1:      mrwooster_arrival_statue, layout_loops_ring, minmay_stone_trees_medium
D:2:      minmay_chambers_of_twos, layout_loops_cross,
          shapermc_ecumenical_altar_ellora, hex_tiny
D:3:      layout_basic, minmay_fractal_squares_diagonal_5
D:4:      layout_loops_cross, minmay_temple_entry_wispy, kennysheep_potato
D:5:      layout_cave_pods, nemelex_xobeh_ov_fountains_minmay, uniq_eustachio,
          uniq_blork_the_orc, uniq_pikel
Temple:   dpeg_five_rooms_temple

Skill      XL: |  1  2  3  4  5 |
---------------+----------------+-----
Fighting       | 3 4 |  4.5
Dodging        | 3 4 |  4.3
Maces & Flails | 3 4 |  4.2
Throwing       | |  2.0

Action                   |  1- 3 |  4- 6 || total
-------------------------+-------+-------++-------
Melee: Flail             |    88 |    58 ||   146
       Punch             |     1 |       ||     1
       Mace              |       |   121 ||   121
 Stab: Sleeping          |       |     1 ||     1
Armor: Robe              |    36 |    89 ||   125
Dodge: Dodged            |    66 |   121 ||   187
